 Dungeon Crawl Stone Soup version 0.27.0-1-g7a089689b8 (webtiles) character file.

Game seed: 16965943019313780096

24 Descartes the Sneak (level 2, -1/16 HPs)
             Began as a Spriggan Delver on Aug 15, 2021.
             Slain by an orc (2 damage)
             ... on level 3 of the Dungeon.
             The game lasted 00:02:13 (814 turns).

Descartes the Sneak (Spriggan Delver)                Turns: 814, Time: 00:02:13

Health: -1/16      AC:  3    Str:  8    XL:     2   Next: 79%
Magic:  3/3        EV: 18    Int: 11    God:
Gold:   5          SH:  0    Dex: 16    Spells: 1/1 levels left

rFire    . . .     SeeInvis +   a - +0 short sword
rCold    . . .     Faith    .   (shield restricted)
rNeg     . . .     Spirit   .   b - +0 robe
rPois    .         Reflect  .   (helmet restricted)
rElec    .         Harm     .   i - +0 cloak
rCorr    .         Rampage  .   (gloves unavailable)
Will     .....                  (boots unavailable)
Stlth    ++++......             (no amulet)
HPRegen  0.05/turn              (no ring)
MPRegen  0.08/turn              (no ring)

@: very quick
A: very small, no large weapons, unfitting armour, see invisible, speed 3
a: no special abilities


You were on level 3 of the Dungeon.
You visited 1 branch of the dungeon, and saw 3 of its levels.

You collected 5 gold pieces.

Inventory:

Hand Weapons
 a - a +0 short sword (weapon)
Missiles
 j - 17 stones (quivered)
Armour
 b - a +0 robe (worn)
 i - a +0 cloak (worn)
Wands
 g - a wand of digging (3)
Scrolls
 d - a scroll of magic mapping
Potions
 f - a potion of haste
 k - a potion of degeneration {unknown}


   Skills:
 - Level 2.4 Fighting
 + Level 2.6 Short Blades
 + Level 3.2 Dodging
 * Level 7.9 Stealth


You had one spell level left.
You didn't know any spells.
Your spell library contained the following spells:

 Spells                   Type           Power      Damage    Failure   Level
 Foxfire                  Conj/Fire      0%         2x1d4     34%         1
 Sting                    Tmut/Pois      0%         1d3       34%         1
 Poisonous Vapours        Pois/Air       0%         N/A       47%         2
 Call Canine Familiar     Summ           0%         N/A       71%         3
 Conjure Flame            Conj/Fire      0%         6-21      71%         3
 Gell's Gravitas          Tloc           0%         N/A       71%         3
 Inner Flame              Hex/Fire       0%         N/A       71%         3
 Portal Projectile        Hex/Tloc       0%         N/A       71%         3
 Teleport Other           Tloc           0%         N/A       71%         3
 Leda's Liquefaction      Hex/Erth       0%         N/A       98%         4
 Olgreb's Toxic Radiance  Pois           0%         N/A       98%         4
 Dispersal                Tloc           0%         N/A       100%        6


Dungeon Overview and Level Annotations

Branches:
Dungeon (5/15)
 Temple: D:4-7

Altars:
Qazlal
Beogh

Annotations:
D:5 Eustachio, Ijyb


Innate Abilities, Weirdness & Mutations

You are very small and have problems with some larger weapons.
You are too small for most types of armour.
You have supernaturally acute eyesight. (SInv)
You cover ground extremely quickly. (Speed+++)


Message History

The orc wizard casts a spell.
The orc wizard flickers and vanishes for a moment.
The orc completely misses you. The goblin misses you.
You hit the orc.
The orc is severely wounded.
The orc completely misses you.
You hit the orc but do no damage.
The orc is severely wounded.
The goblin hits you but does no damage. The orc barely misses you.
Okay, then.
As you read the scroll of fear, it crumbles to dust.
You assume a fearsome visage.
The goblin looks frightened!
The orc looks frightened!
The orc wizard looks frightened! x2
The orc looks frightened!
The orc wizard mumbles some strange words.
The orc wizard flickers and vanishes for a moment.
You hit the goblin.
You kill the goblin!
The orc gives up.
You closely miss the orc wizard.
The orc wizard hits you with a +0 dagger.
A gnoll comes into view. It is wielding a +0 club.
The orc wizard barely misses you.
You closely miss the orc wizard.
The orc wizard hits you with a +0 dagger.
You hit the orc wizard but do no damage.
The orc wizard hits you with a +0 dagger.
* * * LOW HITPOINT WARNING * * *
You hit the orc.
The orc is heavily wounded.
The orc hits you with a +0 hand axe.
* * * LOW HITPOINT WARNING * * *
The orc wizard misses you.
The gnoll throws a stone.
The stone barely misses you.
The stone hits the orc wizard.
As you read the scroll of fog, it crumbles to dust.
The scroll dissolves into smoke.
The orc misses you. The orc priest closely misses you.
The orc wizard closely misses you.
This is a scroll of acquirement!
Something appears at your feet! The orc hits you with a +0 hand axe.
You die...

### ..# #g# #g# ..# #.#
####..##.# #.# #........
#§# #.......# #.#.#§#
#.......####...#@#######
..............§ooo§)...##
..####.._..####§§####...#
........................#
####.#####....>......##.#
#o# #...........o..# #.#
#.......o...#### #o#
######.##### #.# #.#


You could see an orc priest, 2 orc wizards and 2 orcs.

Vanquished Creatures
  An adder (D:3)
  A dart slug (D:3)
  A ball python (D:3)
  An endoplasm (D:3)
  2 goblins (D:3)
  2 hobgoblins (D:3)
  A kobold (D:3)
  A quokka (D:3)
  A bat (D:3)
  A rat (D:3)
12 creatures vanquished.

Notes
Turn   | Place    | Note
-------+----------+-------------------------------------------
     0 | D:5      | Descartes the Spriggan Delver began the quest for the Orb.
     0 | D:5      | Reached XP level 1. HP: 11/11 MP: 2/2
    31 | D:5      | Noticed Eustachio
    48 | D:5      | Noticed Ijyb
    79 | D:4      | Noticed a phantom
   157 | D:3      | Reached XP level 2. HP: 3/16 MP: 3/3
   747 | D:3      | Found a stormy altar of Qazlal.
   814 | D:3      | Identified a scroll of acquirement
   814 | D:3      | Acquired a +2 buckler of positive energy
   814 | D:3      | Slain by an orc

Illustrated notes

Levels and vault maps discovered:
D:3:      minmay_recursive_quarters, layout_basic,
          mainiacjoe_overflow_small_starburst, mainiacjoe_overflow_boulevard,
          kennysheep_orc_chapel
D:4:      layout_loops_ring, serial_shops, nicolae_lakefront_shop,
          minmay_pentomino_pile
D:5:      layout_basic, lemuel_doored_altar, uniq_eustachio, uniq_ijyb

Skill      XL: |  1 |
---------------+----+-----
Dodging        | 3 |  3.2
Fighting       | |  2.4
Short Blades   | |  2.6
Stealth        | |  7.9

Action                   || total
-------------------------++-------
Melee: Short sword       ||    49
  Use: Scroll            ||     3
 Stab: Distracted        ||     1
       Sleeping          ||     1
Armor: Robe              ||     3
Dodge: Dodged            ||    42
